[Event "9. Korbacher Open 2017"]
[Site "Korbach"]
[Date "2017.10.19"]
[Round "1"]
[White "Naujocks, Christian"]
[Black "Tschoepe, Nino"]
[Result "0-1"]
[ECO "C67"]
[WhiteElo "1654"]
[BlackElo "1978"]
[Annotator "NA RC"]
[PlyCount "88"]
[EventDate "2017.??.??"]
[EventType "swiss"]
[EventCountry "GER"]
[SourceTitle "playchess.com"]
[Source "ChessBase"]
[SourceQuality "1"]
[TimeControl "40/5400+30:1800+30"]

1. e4 e5 2. Nf3 Nc6 3. Bb5 Nf6 4. O-O Nxe4 5. d4 Nd6 6. Bxc6 dxc6 7. dxe5 Nf5 8. Qxd8+ Kxd8 9. Nc3 Bd7 10. Bf4 {[%emt 0:02:48] LiveBook: 16 Partien C67: Ruy Lopez: Berlin Defence: 4 0-0 Nxe4} (10. h3 h6 11. b3 b6 12. Bb2 Kc8 13. Rfd1 c5 14. Nd5 a5 15. a4 Ne7 16. c4 Bf5 17. Ne3 Be6 18. Rd2 Kb7 19. Rad1 {0-1 (43) Zhigalko,S (2648)-Cheparinov,I (2703) Kocaeli 2017}) 10... h6 11. h4 Be7 $146 ({Predecessor:} 11... Kc8 $15 12. Ne4 b6 13. Rfd1 Be6 14. Nd4 Nxd4 15. Rxd4 Kb7 16. Rad1 Be7 17. Rd7 Rhe8 {0-1 (34) Ayza Leon,D (2199)-Rizouk,A (2527) Catalunya 2014}) 12. g3 Kc8 13. Rad1 b6 14. Ne4 Be6 15. b3 Kb7 16. c4 a5 17. Nc3 {[%emt 0:05:47] [#]} a4 $1 18. Nxa4 {[%emt 0:11:18] [#]} Bxc4 $1 19. Rfe1 (19. bxc4 $17 Rxa4 20. Rd7) 19... Bd5 20. Nd4 Nxd4 21. Rxd4 g5 22. Be3 gxh4 23. gxh4 Rhg8+ 24. Kf1 h5 25. Nc3 Be6 26. Ke2 Ra5 27. Kd2 Rxe5 28. Rf4 Rg4 29. Rh1 Ra5 30. Kc1 Rxf4 31. Bxf4 c5 32. Kb2 c4 33. a4 $2 (33. Ne4 {might work better.}) 33... cxb3 34. Rc1 Bf6 35. Bg5 Bxg5 36. hxg5 Rxg5 37. Ne4 Rg4 38. f3 Rg2+ 39. Kb1 Bf5 40. Rh1 Ra2 41. Rxh5 Bxe4+ 42. fxe4 Rxa4 (42... c5 $142 43. Rh7 c4 44. Rxf7+ Kc6) 43. Re5 Kc6 44. Kb2 Kd6 $19 0-1

[Event "9. Korbacher Open 2017"]
[Site "Korbach"]
[Date "2017.10.19"]
[Round "1"]
[White "Sakhra, Roman"]
[Black "Bluebaum, Johanna"]
[Result "0-1"]
[ECO "D02"]
[WhiteElo "1489"]
[BlackElo "1955"]
[Annotator "NA RC"]
[PlyCount "84"]
[EventDate "2017.??.??"]
[EventType "swiss"]
[EventCountry "GER"]
[SourceTitle "playchess.com"]
[Source "ChessBase"]
[SourceQuality "1"]
[TimeControl "40/5400+30:1800+30"]

1. d4 d5 2. Nf3 Nf6 3. Bf4 c6 4. e3 Qb6 5. Qc1 Nbd7 {[%emt 0:00:29] D02: 1 d4 d5 2 Nf3 sidelines, including 2...Nf6 3 g3 and 2...Nf6 3 Bf4} (5... Nh5 6. Be5 Nd7 7. c4 f6 8. Bg3 e5 9. cxd5 cxd5 10. Nc3 Bb4 11. a3 Bxc3+ 12. Qxc3 Nxg3 13. hxg3 {½-½ (54) Kobo,O (2490)-Solodovnichenko,Y (2587) Teplice 2016}) 6. Bd3 Nh5 7. Bg5 $146 ({Predecessor:} 7. Bg3 Nxg3 8. hxg3 g6 9. Nbd2 Bg7 10. c3 e5 11. dxe5 Nxe5 12. Nxe5 Bxe5 13. Nf3 {1-0 (34) Cleveland,R (2013)-Stahl,C (2099) High Wycombe 2012}) 7... h6 8. Bh4 g5 9. Bg3 Nxg3 10. hxg3 Bg7 11. Nbd2 c5 12. c3 e5 13. dxe5 Nxe5 14. Nxe5 Bxe5 15. Nf3 Bg7 16. e4 c4 17. Bc2 dxe4 18. Bxe4 Qe6 (18... Be6 $15 {keeps the upper hand.}) 19. O-O (19. Qe3 $1 $14) 19... O-O ({Don't go for} 19... Qxe4 $2 20. Re1 $18) 20. Re1 Qb6 21. Qc2 Be6 22. Rad1 Rad8 23. Qc1 Rfe8 24. Bb1 Rxd1 25. Rxd1 Rd8 26. Rxd8+ Qxd8 27. Qe3 Qd1+ 28. Qe1 Qd6 29. Qe3 Qd1+ 30. Qe1 Qxe1+ 31. Nxe1 b5 32. Be4 {[%emt 0:00:45] [#]} (32. Nc2 $15) 32... b4 $1 33. cxb4 Bxb2 34. a4 f5 35. Bb1 Bc3 36. Nc2 f4 37. gxf4 gxf4 38. Ba2 $1 Kf7 39. b5 $17 Bb2 40. Kf1 Ke7 41. Nb4 Kd6 42. Nc6 c3 0-1

[Event "9. Korbacher Open 2017"]
[Site "Korbach"]
[Date "2017.10.19"]
[Round "1"]
[White "Mohammadi, Sholeh"]
[Black "Duzy, Stefan"]
[Result "0-1"]
[ECO "A15"]
[WhiteElo "1190"]
[BlackElo "1935"]
[Annotator "NA RC"]
[PlyCount "50"]
[EventDate "2017.??.??"]
[EventType "swiss"]
[EventCountry "GER"]
[SourceTitle "playchess.com"]
[Source "ChessBase"]
[SourceQuality "1"]
[TimeControl "40/5400+30:1800+30"]

1. c4 Nf6 2. Nf3 g6 3. d4 Bg7 4. e3 O-O 5. Be2 d6 6. O-O Nbd7 {[%emt 0:00:24] E60: King's Indian: Unusual lines and Fianchetto Variation without Nc3} 7. Qd3 $146 ({Predecessor:} 7. Nc3 e5 8. Qc2 Re8 9. Re1 exd4 10. exd4 Nb6 11. Bf4 Bf5 12. Bd3 Bxd3 13. Qxd3 Qd7 14. b3 Rxe1+ 15. Rxe1 Re8 16. Rxe8+ Qxe8 {1-0 (34) Ni,H (2693)-Vidit,S (2644) Doha 2015}) 7... e5 8. Nc3 Re8 9. e4 $2 (9. Qc2 $11) 9... exd4 10. Nxd4 Nc5 11. Qd1 Nfxe4 12. Nxe4 Nxe4 13. Bf3 Ng5 14. Bd5 Ne6 15. Nf3 (15. Nxe6 $17 Bxe6 16. Bxb7) 15... c6 16. Bxe6 Bxe6 17. Nd2 Qh4 18. Qc2 Be5 19. g3 Qh3 20. Nf3 Bf5 21. Qb3 Be4 22. Re1 $2 (22. Bd2 {was called for.}) 22... Bxf3 23. Qxf3 {[#]} Bxg3 $1 24. Rxe8+ Rxe8 25. fxg3 Re1+ 0-1

[Event "9. Korbacher Open 2017"]
[Site "Korbach"]
[Date "2017.10.20"]
[Round "2"]
[White "Heinemann, Ernst"]
[Black "Shkolnyk, Boris"]
[Result "1-0"]
[ECO "C11"]
[WhiteElo "2099"]
[BlackElo "1812"]
[Annotator "NA RC"]
[PlyCount "49"]
[EventDate "2017.??.??"]
[EventType "swiss"]
[EventCountry "GER"]
[SourceTitle "playchess.com"]
[Source "ChessBase"]
[SourceQuality "1"]
[TimeControl "40/5400+30:1800+30"]

1. e4 e6 2. d4 d5 3. Nc3 Nf6 4. e5 Nfd7 $1 {[%emt 0:00:07] LiveBook: 7906 Games} 5. Qg4 (5. f4 $11 {keeps the balance.}) 5... c5 $1 {[%emt 0:00:57] C11: French: Classical System: 4 e5 and 4 Bg5 dxe4} 6. dxc5 (6. Nb5 cxd4 7. Nf3 Nc6 8. Bf4 Qa5+ 9. Bd2 Qb6 10. Nd6+ Bxd6 11. Qxg7 Bxe5 12. Nxe5 Rf8 13. Nd3 e5 14. Be2 e4 15. O-O Ne7 16. Ne5 Nf5 17. Nxd7 Bxd7 {½-½ (17) Ivanisevic,I (2645)-Sedlak,N (2593) Vrnjacka Banja 2012}) 6... Nxe5 7. Qg3 Nbc6 8. Nb5 Bxc5 9. Qxg7 $2 {[%emt 0:04:53] [#]} ({Only move:} 9. Bf4 $1 $15 a6 10. Bxe5 Nxe5 11. Qxe5 axb5 12. Qxg7) 9... Rf8 $2 $146 (9... Ng6 $1 $19 10. Qh6 a6) ({Predecessor:} 9... Kd7 10. Nf3 Nxf3+ 11. gxf3 Qf8 12. Qg3 a6 13. Nc3 {1-0 (54) Lejarre,L (2369)-Aubry,Y (2069) Rennes 2012}) 10. Bf4 a6 ({Much worse is} 10... Qh4 $6 11. Nh3 $16) 11. Nc3 {[%emt 0:04:52] [#]} (11. Bxe5 $15 axb5 12. Bf6) 11... Ng6 $1 ({Viel schwächer wäre} 11... Qh4 $6 12. g3 $11) 12. Bd2 (12. Be3 $17 Bxe3 13. fxe3) 12... Bd4 (12... h5 $142 13. Nf3 Be7) 13. Qh6 Qh4 (13... Qb6 $15 14. Nd1 Nce5) 14. Qxh4 Nxh4 15. g3 Ng6 16. Nge2 Nge5 (16... Ba7 $11 {remains equal.}) 17. Bg2 (17. Nxd4 $16 Nxd4 18. O-O-O) 17... Nc4 18. Nxd4 Nxd4 19. O-O-O Nc6 (19... Nxd2 $16 {was necessary.} 20. Rxd2 Nc6) 20. Bh6 Rg8 21. Rhe1 Ne7 {[%emt 0:03:39] [#]} (21... N4e5 $142 22. Bd2 Kf8 23. Bh6+ Ke8) 22. Bxd5 $1 exd5 $2 (22... Rg6 23. Bf4 (23. Bxc4 Rxh6 24. Ne4 b5 $18) 23... exd5) 23. Nxd5 Bd7 24. Nf6+ Kd8 25. Rxd7+ $18 1-0

[Event "9. Korbacher Open 2017"]
[Site "Korbach"]
[Date "2017.10.20"]
[Round "2"]
[White "Hoekstra, Peter"]
[Black "Held, Martin"]
[Result "1/2-1/2"]
[ECO "C55"]
[WhiteElo "2074"]
[BlackElo "1821"]
[Annotator "NA RC"]
[PlyCount "81"]
[EventDate "2017.??.??"]
[EventType "swiss"]
[EventCountry "GER"]
[SourceTitle "playchess.com"]
[Source "ChessBase"]
[SourceQuality "1"]
[TimeControl "40/5400+30:1800+30"]

1. e4 e5 2. Nf3 Nc6 3. d4 exd4 4. Bc4 Nf6 5. e5 d5 6. Bb5 Ne4 7. Nxd4 Bc5 8. Be3 O-O 9. Nxc6 bxc6 10. Bxc5 Nxc5 11. Bxc6 Rb8 {[%emt 0:00:45] LiveBook: 26 Games C56: Two Knights: 4 d4 exd4 5 0-0 Nxe4} 12. Nc3 (12. Qxd5 $14 Qe7 13. O-O) (12. O-O Rxb2 13. Qxd5 Qxd5 14. Bxd5 Rxc2 15. Na3 Re2 16. Rac1 Nd3 17. Rxc7 Be6 18. Bb3 a5 19. Ra7 Bxb3 20. axb3 Rxe5 {1-0 (31) Nakamura,H (2798)-Onischuk,A (2665) Saint Louis 2015}) 12... d4 13. Nd5 Ne6 14. O-O Ba6 $146 ({Predecessor:} 14... Bb7 15. Nb4 Qg5 16. Bxb7 Rxb7 17. Nd3 Qe7 18. f4 Nc5 19. b3 {1-0 (29) Tkachuk,S (2218)-Schiffers,S (2008) Duesseldorf 2011}) 15. Re1 (15. b3 $1 $11 {remains equal.}) 15... Bc4 ({But not} 15... Rxb2 $6 16. Qc1 $11) 16. Qf3 {[%emt 0:04:23] [#]} Ng5 $1 17. Qf5 Bxd5 18. Bxd5 Qxd5 19. Qxg5 Rxb2 20. Qd2 Rfb8 21. a4 Qc4 22. Rec1 c5 23. f4 Qd5 (23... h6 $17 24. g3 Qd5) 24. Rd1 Qc4 (24... h6 $17 25. Rac1 Qc4) 25. Rdc1 Qd5 26. Rd1 a5 27. Qxa5 $2 (27. Rac1 $17) 27... Rxc2 28. Rd2 Ra8 $2 (28... d3 $19 29. Rad1 Ra8 30. Qxa8+ Qxa8) 29. Qxa8+ Qxa8 30. Rxc2 {[%emt 0:00:04] [#]} Qa5 $2 (30... d3 $1 $19 31. Rcc1 Qa5) 31. Rac1 Qxa4 32. Rxc5 g6 33. e6 fxe6 34. Rc8+ Kg7 35. R1c7+ Kh6 36. Rh8 g5 37. Rhxh7+ Kg6 38. Rcf7 Qd1+ (38... Qa1+ $11 39. Kf2 Qb2+ 40. Kf3 Qc3+ 41. Kg4 d3) 39. Kf2 Qd2+ 40. Kf1 Qd3+ (40... gxf4 $5 41. Rhg7+ $8 Kh6 $11) 41. Kf2 1/2-1/2

[Event "9. Korbacher Open 2017"]
[Site "Korbach"]
[Date "2017.10.20"]
[Round "2"]
[White "Rutz, Matthias"]
[Black "Forgach, Andreas"]
[Result "1-0"]
[ECO "A45"]
[WhiteElo "2046"]
[BlackElo "1851"]
[Annotator "NA RC"]
[PlyCount "83"]
[EventDate "2017.??.??"]
[EventType "swiss"]
[EventCountry "GER"]
[SourceTitle "playchess.com"]
[Source "ChessBase"]
[SourceQuality "1"]
[TimeControl "40/5400+30:1800+30"]

1. d4 Nf6 2. c3 g6 3. Nf3 Bg7 4. Bf4 d6 5. h3 Nbd7 6. e3 O-O 7. Be2 Qe8 8. O-O e5 9. Bh2 {[%emt 0:00:12] LiveBook: 43 Games} b6 {[%emt 0:09:23] A48: 1 d4 Nf6 2 Nf3 g6: Torre, London and Colle Systems} (9... Qe7 10. Na3 e4 11. Nd2 Re8 12. Nac4 Nf8 13. a4 h5 14. f4 Nd5 15. g4 hxg4 16. hxg4 f5 17. g5 Be6 {0-1 (30) Sattarov,B (2389)-Atabayev,S (2436) Tashkent 2017}) 10. a4 a5 11. Na3 Bb7 12. Nc4 e4 13. Nfd2 Nd5 14. Na3 $146 ({Predecessor:} 14. Kh1 f5 15. f4 exf3 16. Bxf3 N7f6 17. Bxd6 cxd6 18. Nxd6 {1-0 (31) Enkhtuul,A (2230)-Gazik,I (2311) Banska Stiavnica 2016}) 14... f5 15. Re1 Kh8 16. Bf1 g5 17. Nb5 Bc6 18. Rc1 Bxb5 19. Bxb5 Rd8 20. Qb3 N5f6 ({Black should play} 20... Qf7 $14) 21. Qd1 $2 (21. Qc4 $18) 21... Qg6 22. b4 Nb8 (22... g4 $11) 23. bxa5 bxa5 24. Nb3 g4 25. h4 c6 26. Be2 Qh5 27. Bg3 Bh6 28. c4 Rg8 ({Black should try} 28... Qf7 $14) 29. Qd2 Qg6 30. Nxa5 Nh5 31. Rb1 Qf6 32. d5 f4 33. exf4 Nxf4 (33... Bxf4 $16 {keeps fighting.} 34. Bxf4 Nxf4) 34. Qb2 Qxb2 35. Rxb2 cxd5 36. cxd5 Nxe2+ 37. Rexe2 Na6 38. Nb7 Rd7 39. Nxd6 Nc5 40. Nf5 Bg7 41. Nxg7 Kxg7 42. d6 $18 1-0

[Event "9. Korbacher Open 2017"]
[Site "Korbach"]
[Date "2017.10.20"]
[Round "2"]
[White "Dijkhuis, Oele"]
[Black "Timar-Geng, Zoltan"]
[Result "1-0"]
[ECO "C54"]
[WhiteElo "2035"]
[BlackElo "1859"]
[Annotator "NA RC"]
[PlyCount "95"]
[EventDate "2017.??.??"]
[EventType "swiss"]
[EventCountry "GER"]
[SourceTitle "playchess.com"]
[Source "ChessBase"]
[SourceQuality "1"]
[TimeControl "40/5400+30:1800+30"]

1. e4 e5 2. Nf3 Nc6 3. Bc4 Bc5 4. c3 Nf6 5. d4 exd4 6. e5 d5 7. Bb5 Ne4 8. cxd4 Bb4+ 9. Bd2 Nxd2 10. Nbxd2 Bd7 {[%emt 0:01:46] C54: Giuoco Piano: 4 c3 Nf6, main lines with 5 d4 and 5 d3} 11. O-O O-O {[%emt 0:00:48] LiveBook: 6 Games} 12. a3 Ba5 13. Nb3 Bb6 {[%emt 0:00:34] [#]} 14. Bxc6 $146 ({Predecessor:} 14. Re1 Ne7 15. Bd3 Ng6 16. Qd2 Bg4 17. Ng5 h6 18. Nxf7 Kxf7 {1-0 (50) Popov,I (2541)-Nyback,T (2644) Budva 2009}) 14... Bxc6 15. Nc5 Re8 16. Re1 Rb8 17. Qc2 h6 18. e6 fxe6 19. Ne5 Bxc5 20. Qxc5 Qe7 21. Rac1 Qxc5 22. Rxc5 Re7 23. Rec1 g5 24. b4 Rc8 25. Nxc6 bxc6 26. Rxc6 Kg7 27. f3 h5 28. a4 Kf6 29. Kf2 Kf5 30. b5 g4 31. Re1 e5 32. fxg4+ hxg4 33. Kg3 Rg8 34. dxe5 Rgg7 $2 (34... Rge8 35. e6 Rd8) 35. Rf6+ Kg5 36. Rf4 Kh5 37. Rd4 Rg5 38. Rxd5 Kg6 39. Rc5 Rd7 40. Rc6+ Kh5 41. Ra6 Rf5 42. Re3 Rd2 43. e6 Rff2 44. Re5+ Kh6 45. e7+ Kh7 46. e8=Q Rxg2+ 47. Kf4 Rgf2+ 48. Ke4 (48. Kg5) 1-0

[Event "9. Korbacher Open 2017"]
[Site "Korbach"]
[Date "2017.10.20"]
[Round "2"]
[White "Van Randtwijk, Mick"]
[Black "Bayer, Martin"]
[Result "1-0"]
[ECO "C77"]
[WhiteElo "2028"]
[BlackElo "1732"]
[Annotator "NA RC"]
[PlyCount "55"]
[EventDate "2017.??.??"]
[EventType "swiss"]
[EventCountry "GER"]
[SourceTitle "playchess.com"]
[Source "ChessBase"]
[SourceQuality "1"]
[TimeControl "40/5400+30:1800+30"]

1. e4 e5 2. Nf3 Nc6 3. Bb5 a6 4. Ba4 Nf6 5. d3 b5 6. Bb3 Be7 7. O-O d6 8. a3 {[%emt 0:00:19] C84: Closed Ruy Lopez: Unusual White 6th moves} Na5 (8... O-O 9. Nc3 Bg4 10. Be3 Nd4 11. Bxd4 exd4 12. Nd5 Nxd5 13. Bxd5 Rc8 14. Bc6 Bf6 15. a4 Bd7 16. Bxd7 Qxd7 17. Qd2 Qc6 18. b3 {1-0 (64) Vachier Lagrave,M (2804)-Aronian,L (2799) Tbilisi 2017}) 9. Ba2 c5 10. Nc3 O-O {[%emt 0:00:38] LiveBook: 37 Games} 11. Nd5 Nxd5 12. Bxd5 Bb7 13. Bxb7 Nxb7 14. Bd2 $146 ({Predecessor:} 14. c3 f5 15. Re1 Na5 16. exf5 Rxf5 {½-½ (29) Ubed Garcia Cuenca,P (1888)-Sotnikov,T Madrid 2006}) 14... Rc8 15. a4 c4 16. axb5 axb5 17. d4 exd4 (17... Re8 $11) 18. Nxd4 Qb6 ({Black should play} 18... Bf6 19. Nxb5 Qe8) 19. Nf5 Bf6 20. Bc3 d5 (20... Qd8 $16 {keeps fighting.} 21. Ra7 Rb8 22. Bxf6 Qxf6) 21. exd5 (21. Qg4 $18 Rce8 {[#]} 22. e5 $1 (22. Nxg7 Rxe4 23. Nh5+ Rxg4 $16) (22. exd5 Bxc3 23. bxc3 g6 $16) 22... Rxe5 23. Bxe5 Bxe5 24. Rfd1) 21... Ra8 (21... b4 $16) 22. Qf3 Rxa1 23. Rxa1 b4 {[%emt 0:00:38] [#]} 24. Nh6+ $1 Kh8 25. Bxf6 gxf6 $2 {[%emt 0:03:57] [#]} (25... Qxf6 26. Nxf7+ Rxf7) 26. d6 $1 Qxd6 27. Qxb7 Qf4 28. Qxb4 $18 (28. Nxf7+ $142 Kg8 29. g3) 1-0

[Event "9. Korbacher Open 2017"]
[Site "Korbach"]
[Date "2017.10.20"]
[Round "2"]
[White "Rubina, Tatiana"]
[Black "Van de Griend, Johan"]
[Result "0-1"]
[ECO "C58"]
[WhiteElo "2022"]
[BlackElo "1797"]
[Annotator "NA RC"]
[PlyCount "66"]
[EventDate "2017.??.??"]
[EventType "swiss"]
[EventCountry "GER"]
[SourceTitle "playchess.com"]
[Source "ChessBase"]
[SourceQuality "1"]
[TimeControl "40/5400+30:1800+30"]

1. e4 e5 2. Nf3 Nc6 3. Bc4 Nf6 4. Ng5 d5 5. exd5 Na5 6. Bb5+ c6 7. dxc6 bxc6 8. Qf3 Be7 {[%emt 0:03:38] C58: Two Knights: 4 Ng5 d5 5 exd5 Na5 sidelines} 9. Bxc6+ $146 (9. Bd3 h6 10. Ne4 Nd5 11. Ng3 g6 12. O-O f5 13. Re1 Bf6 14. Bf1 O-O 15. d4 e4 16. Qd1 {½-½ (44) Pourramezanali,A (2505)-Wen,Y (2617) Bandar e Anzali 2017}) 9... Nxc6 {[%emt 0:00:08] LiveBook: 28 Games} 10. Qxc6+ Bd7 11. Qf3 O-O 12. Nc3 Rc8 (12... Ng4 $5 13. h4 Rc8 $11) 13. O-O Bc6 (13... Ng4 $5 14. h3 Bxg5 15. hxg4 Qb6 $14) 14. Qe2 Nd5 15. Nf3 Nf4 16. Qe3 ({White must play} 16. Qd1 $1 $15) 16... Bd6 ({Black should try} 16... Re8 $15 17. Rd1 {[#]} (17. Nxe5 Nxg2 18. Qxa7 Nh4 $15) (17. Qxe5 Bd6 $19) 17... Bc5 $1 ) 17. Rd1 $2 {[%emt 0:07:51] [#]} (17. d4 $11 exd4 18. Qxd4) 17... f5 ({Better is} 17... Qd7 $1 $19 18. Ne1 Qb7) 18. d4 Nxg2 19. Kxg2 f4 20. Qd3 Qg5+ $1 21. Kf1 Qh5 22. d5 (22. dxe5 Bxf3 23. exd6 Rfe8 $19) 22... Bd7 23. Ng1 $2 {[%emt 0:22:25] [#]} (23. Ne4 $11 {and White is okay.} Bf5 24. Rd2) 23... e4 $1 24. Qxe4 {[%emt 0:10:35] [#]} (24. Nxe4 $142 Bb5 25. Qxb5 Qxd1+ 26. Kg2 Qg4+ 27. Kf1 Qd1+ 28. Kg2 Qg4+ 29. Kf1) 24... Rxc3 $1 25. bxc3 Qxd1+ 26. Kg2 {[%emt 0:00:03] [#]} Qg4+ $2 (26... f3+ $1 {[%mdl 512] mates} 27. Nxf3 Bf5 28. Qh4 Bxc2 29. Bf4 Qxd5 30. c4 Qc6 31. Bxd6 Qxf3+ 32. Kg1 {[#]} Be4 $1 33. Qxe4 Qxe4 34. Bxf8 Qg4+ 35. Kf1 Qxc4+ 36. Kg2 Kxf8 37. a4 Qg4+ 38. Kf1 Qf3 39. Kg1 a5 40. h4 Qg4+ 41. Kf1 Qxh4 42. Kg2 Qg4+ 43. Kh2 Qf3 44. Kg1 h5 45. Re1 Qg4+ 46. Kh2 Qxa4 47. Kg1 Qg4+ 48. Kh1 a4 49. Re5 Qc4 50. Re1 a3 51. Kg1 a2 52. Kg2 Qc3 53. Rh1 a1=Q 54. Rxa1 Qxa1 55. Kg3 Qg1+ 56. Kf3 h4 57. Ke2 h3 58. Ke3 h2 59. Kd4 Qxf2+ 60. Kc3 h1=Q 61. Kb4 Qd4+ 62. Ka5 Qa8+ 63. Kb5 Qaa4#) 27. Kh1 Qh5 28. f3 Re8 29. Qd3 Re1 30. c4 (30. Bb2 $19 Bf5 31. Rxe1 Bxd3 32. cxd3 Qxd5 33. Re8+ Kf7 34. Re4) 30... Qg5 31. Qd4 Bh3 32. Qf2 Rf1 33. Bxf4 Rxf2 0-1

[Event "9. Korbacher Open 2017"]
[Site "Korbach"]
[Date "2017.10.20"]
[Round "2"]
[White "Maar, Samuel"]
[Black "Mak, Nico"]
[Result "1-0"]
[ECO "C05"]
[WhiteElo "1998"]
[BlackElo "1799"]
[Annotator "NA RC"]
[PlyCount "49"]
[EventDate "2017.??.??"]
[EventType "swiss"]
[EventCountry "GER"]
[SourceTitle "playchess.com"]
[Source "ChessBase"]
[SourceQuality "1"]
[TimeControl "40/5400+30:1800+30"]

1. e4 e6 2. d4 d5 3. Nd2 Nf6 4. e5 Nfd7 5. Bd3 c5 6. c3 Nc6 7. Ne2 Be7 8. O-O cxd4 {[%emt 0:03:04] LiveBook: 8 Games} 9. cxd4 Qb6 {[%emt 0:00:04] C06: French Tarrasch: 3...Nf6 4 e5 Nfd7 5 Bd3 main lines} (9... O-O 10. f4 f5 11. a3 Rb8 12. h3 b5 13. Nf3 b4 14. a4 b3 15. Bd2 Nb4 16. Bxb4 Rxb4 17. a5 {½-½ (70) Shevchenko,K (2453)-Bykov,O (2332) Moscow 2017}) 10. Nb3 f6 $146 (10... a5 $14) ({Predecessor:} 10... Nb4 11. Bb1 a5 12. a3 Nc6 {0-1 (66) Biancotti,A (1827)-Mercandelli,C (1900) Alassio 2016}) 11. Nf4 Nd8 (11... g6 $16) 12. Bd2 fxe5 13. dxe5 Nxe5 14. Qh5+ Ndf7 15. Bxh7 Bd7 $2 (15... Nd7 $1 $11 16. Be3 Qd6) 16. Bc3 Bf6 (16... g6 $142 17. Nxg6 Nxg6 18. Qxg6 e5 19. Bxe5 Qxg6 20. Bxg6 Rh6) 17. Bxe5 Bxe5 18. Ng6 $1 O-O-O 19. Nxh8 ({Don't do} 19. Nxe5 $6 Nxe5 20. Qxe5 Rxh7 $18) 19... Rxh8 20. Rac1+ Kb8 21. Qxf7 Be8 22. Qf3 Rxh7 23. g3 Bf6 $2 (23... Rh8 24. Rfe1 Bh5) 24. Qf4+ e5 25. Qf5 $18 1-0

[Event "9. Korbacher Open 2017"]
[Site "Korbach"]
[Date "2017.10.20"]
[Round "2"]
[White "Ohst, Holger"]
[Black "Lesny, Florian"]
[Result "1-0"]
[ECO "A37"]
[WhiteElo "1986"]
[BlackElo "1997"]
[Annotator "NA RC"]
[PlyCount "42"]
[EventDate "2017.??.??"]
[EventType "swiss"]
[EventCountry "GER"]
[SourceTitle "playchess.com"]
[Source "ChessBase"]
[SourceQuality "1"]
[TimeControl "40/5400+30:1800+30"]

1. c4 c5 2. g3 g6 3. Bg2 Bg7 4. Nc3 Nc6 5. Nf3 e6 6. O-O {[%emt 0:03:14] LiveBook: 1145 Games} Nge7 7. d3 O-O 8. Bg5 h6 9. Bd2 b6 10. Rb1 {[%emt 0:08:54] A37: Symmetrical English vs ...g6: 4 Bg2 Bg7 5 Nf3} Bb7 11. Ne1 (11. Qc1 $11) 11... d6 12. a3 Qd7 13. b4 Rad8 $146 ({Predecessor:} 13... f5 14. Nc2 g5 15. Nb5 {1-0 (56) Liu,C (2336)-Andersen,M (2461) Maribor 2012}) 14. Nc2 Kh7 15. bxc5 dxc5 16. Nb5 Nf5 17. Bc3 Nfd4 18. Nbxd4 Nxd4 19. Nxd4 Bxd4 20. Bxd4 Bxg2 21. Kxg2 Qxd4 $11 1-0

[Event "9. Korbacher Open 2017"]
[Site "Korbach"]
[Date "2017.10.20"]
[Round "2"]
[White "Duzy, Stefan"]
[Black "Sanati, Charlotte"]
[Result "0-1"]
[ECO "A30"]
[WhiteElo "1935"]
[BlackElo "2098"]
[Annotator "NA RC"]
[PlyCount "64"]
[EventDate "2017.??.??"]
[EventType "swiss"]
[EventCountry "GER"]
[SourceTitle "playchess.com"]
[Source "ChessBase"]
[SourceQuality "1"]
[TimeControl "40/5400+30:1800+30"]

1. c4 c5 2. e3 g6 3. Nc3 Bg7 4. d4 b6 (4... cxd4 $11 5. exd4 Nf6) 5. Nf3 Bb7 6. Be2 Nf6 7. O-O O-O 8. d5 d6 {[%emt 0:02:43] LiveBook: 14 Games E61: King's Indian: Early deviations for White, including Smyslov System} 9. Nd2 (9. Re1 $14) (9. e4 e5 10. a3 h6 11. Bd2 Nbd7 12. Qc1 Kh7 13. Ne1 Qe7 14. b4 Rac8 15. Qb1 Rb8 16. Ra2 Ne8 17. Bd3 {1-0 (51) Kovalenko,I (2684)-Brodowski,P (2444) Tallinn 2016}) 9... e6 10. e4 Qe7 $146 ({Predecessor:} 10... exd5 11. cxd5 a6 12. a4 Re8 13. f3 Nbd7 14. f4 c4 15. Nxc4 Nc5 16. Nxd6 Qxd6 17. e5 Qd8 18. exf6 Qxf6 19. f5 Qd4+ 20. Kh1 {½-½ (20) Szamos,A (2192)-Macko,M (2167) Slovakia 2015}) 11. Re1 Na6 12. Nf1 Rfe8 13. Bd2 Nd7 14. Ne3 Rf8 15. f4 Bd4 16. Kh1 Rae8 17. Bf3 Nb4 {[%emt 0:01:47] [#]} (17... Rb8 $14) 18. Qb1 $1 exd5 19. Nexd5 (19. exd5 $16 h5 20. a3) 19... Nxd5 20. exd5 Qd8 21. Qd3 a6 22. Rxe8 Rxe8 23. Re1 Nf6 24. b3 Bc8 25. Rxe8+ Qxe8 26. Ne4 Bf5 27. Nxf6+ (27. Qxd4 $1 $11 Qxe4 28. Qxe4 (28. Bxe4 cxd4 29. Bxf5 gxf5 $14) 28... Bxe4 29. Bxe4 Nxe4 30. Be1) 27... Bxf6 28. Qf1 $1 h5 29. Be2 (29. h3 $17) 29... Qe4 30. Qd1 Bd4 31. Bf3 Qb1 32. a4 $19 (32. Qxb1 Bxb1 33. a4) 32... Qa2 0-1

[Event "9. Korbacher Open 2017"]
[Site "Korbach"]
[Date "2017.10.20"]
[Round "2"]
[White "Wachsmann, Dietmar"]
[Black "Nielsen, Klaus"]
[Result "0-1"]
[ECO "B01"]
[WhiteElo "1930"]
[BlackElo "2092"]
[Annotator "NA RC"]
[PlyCount "71"]
[EventDate "2017.??.??"]
[EventType "swiss"]
[EventCountry "GER"]
[SourceTitle "playchess.com"]
[Source "ChessBase"]
[SourceQuality "1"]
[TimeControl "40/5400+30:1800+30"]

1. e4 d5 2. exd5 Qxd5 3. Nf3 Nf6 4. d4 Bg4 5. Be2 e6 ({Of course not} 5... Bxf3 6. Bxf3 Qe6+ 7. Be3 $16) 6. c4 {[%emt 0:02:07] LiveBook: 19 Games B01: Scandinavian Defence} (6. h3 Bh5 7. c4 Qd8 8. Qb3 Qc8 9. Nc3 Nbd7 10. Be3 Be7 11. g4 Bg6 12. O-O-O c6 13. Nh4 Qc7 14. Nxg6 hxg6 {0-1 (52) Morozevich,A (2683)-Seliverstov,V (2455) Moscow 2016}) 6... Bb4+ 7. Bd2 (7. Nc3 $14 Qf5 8. h3 Bxf3 9. Bxf3) 7... Bxd2+ 8. Qxd2 Qd6 9. Nc3 c6 10. h3 $146 ({Predecessor:} 10. O-O Nbd7 11. Rad1 O-O 12. Rfe1 Rad8 13. h3 Bxf3 14. Bxf3 {1-0 (39) Fowler,D (1867)-Neatherway,A (1870) England 2014}) 10... Bf5 11. O-O Nbd7 12. Rfd1 O-O 13. Nh4 Ne4 14. Nxf5 exf5 15. Qc2 Rae8 16. Bf3 Ndf6 17. d5 Qf4 18. c5 Ng5 19. Rd3 Nfe4 (19... Nd7 $15 20. Ne2 Qb4) 20. b4 Nxc3 (20... a5 $11) 21. Qxc3 cxd5 22. Bxd5 Re2 23. Qd4 Ne4 ({Black should try} 23... Qxd4 24. Rxd4 Re7) 24. Rf3 Qg5 25. Rd1 ({Resist} 25. Bxb7 $6 Qe7 $18) 25... g6 26. Bxb7 Qe7 27. c6 Rxa2 {[%emt 0:03:23] [#]} 28. b5 $2 ({Only move:} 28. Qc4 $1 $18 Rd2 29. Rd3 Rxd3 30. Rxd3) 28... Qc7 29. Qd7 Qb6 $1 30. Qd4 (30. Qd5 $11 Rb2 31. Qd4 Qxb5 32. Qxa7) 30... Qc7 (30... Qxb5 $15 31. Qd3 Qb2) 31. Qd5 Rc2 32. Qd3 Rc5 33. Qd4 (33. Ba6 $11) 33... Qb6 ({Black should try} 33... Rxb5 $15 34. Ra3 a5) 34. Rb3 (34. Ba6 $16) 34... Rc1 (34... Re8 $11 {remains equal.}) 35. Rbd3 Rc5 $16 {[%emt 0:00:48] [#]} 36. Rb3 (36. Ba6 $1 $16) 0-1